 Dungeon Crawl Stone Soup version 0.31-a0-1388-g4b2ba238e7 (webtiles) character file.

Game seed: 12413542292775909184

72 MisterAzrael the Slasher (level 4, 0/35 HPs)
             Began as a Djinni Cinder Acolyte on Dec 24, 2023.
             Was a High Priest of Ignis.
             Slain by an orc
             ... wielding a +0 morningstar
              (5 damage)
             ... on level 3 of the Dungeon.
             The game lasted 00:02:11 (1188 turns).

MisterAzrael the Slasher (Djinni Cinder Acolyte)    Turns: 1188, Time: 00:02:11

Health: 0/35       AC:  2    Str: 15    XL:     4   Next: 50%
Gold:   29         EV: 11    Int: 16    God:    Ignis [*****.] SH:  0 Dex:  8

rFire   + + +        e - +2 dagger (elec)
rCold   x . .        (no shield)
rNeg    . . .        b - +0 robe
rPois   ∞            (no helmet)
rElec   .            (no cloak)
rCorr   .            (no gloves)
SInv    .            (boots unavailable)
Will    .....        (no amulet)
Stlth   +            (no ring)
HPRegen 0.25/turn    (no ring)
MPRegen 0.00/turn

%: infuse magic (-1 HP)
@: confused, flying
A: sickness immunity, fire resistance 2, cold vulnerability 1, float, innate
caster, HP casting, extra vitality 1
a: Renounce Religion, Fiery Armour, Foxfire Swarm, Rising Flame


You were on level 3 of the Dungeon.
You worshipped Ignis.
Ignis was extremely pleased with you.
You visited 1 branch of the dungeon, and saw 3 of its levels.

You collected 29 gold pieces.

Inventory:

Hand Weapons
 a - a -1 falchion of flaming
 e - a +2 dagger of electrocution (weapon)
Armour
 b - a +0 robe (worn)
Scrolls
 d - a scroll of fear {unknown}
 g - 3 scrolls of teleportation {unknown}
 h - a scroll of fog {unknown}
 i - 2 scrolls of identify {unknown}
Potions
 c - a potion of attraction {unknown}
 f - a potion of invisibility {unknown}
 j - a potion of mutation {unknown}


   Skills:
 + Level 3.5 Fighting
 * Level 0.0(2.1) Short Blades
 - Level 3.7 Long Blades
 + Level 2.8 Spellcasting
 + Level 2.8 Conjurations
 + Level 2.8 Hexes
 + Level 2.8 Summonings
 + Level 2.8 Necromancy
 + Level 2.8 Translocations
 + Level 2.8 Fire Magic
 + Level 2.8 Ice Magic
 + Level 2.8 Air Magic
 + Level 2.8 Earth Magic
 + Level 2.8 Alchemy


You knew the following spells:

 Your Spells              Type           Power      Damage    Failure   Level
a - Scorch                Fire           22%        2d5       9%          2
b - Shock                 Conj/Air       44%        1d5       6%          1
Your spell library was empty.

Dungeon Overview and Level Annotations

Branches:
Dungeon (3/15)

Altars:
Ignis

Shops:
D:2 ?


Innate Abilities, Weirdness & Mutations

You are immune to sickness and miasma.
You are immune to poison.
Your flesh is very heat resistant. (rF++)
You are vulnerable to cold. (rC-)
You float through the air rather than walking.
You learn spells naturally, not from books.
Your magical power is your life essence.
You have superior vitality. (+4 MHP)


Message History

You barely miss the orc.
The kobold throws a stone.
The stone hits you. The orc closely misses you.
You hit the orc.
The orc is moderately wounded.
The orc hits you with a +0 dagger.
The orc wizard gestures wildly while chanting.
The orc wizard flickers and vanishes!
Deactivating autopickup; reactivate with Ctrl-A.
You hit the orc.
The orc is almost dead.
The kobold throws a stone.
The stone barely misses you. The orc hits you but does no damage.
The orc closely misses you.
You hit the orc.
You kill the orc!
You hit something. You miss something.
The kobold throws a stone.
The stone closely misses you. The orc closely misses you. Something hits you.
Things that are here:
10 gold pieces; a +0 dagger; an orc corpse You barely miss the orc.
The orc barely misses you. Something hits you.
You hit the orc.
The orc is severely wounded.
The kobold closely misses you. The orc hits you with a +0 morningstar!
Something hits you.
You are too injured to fight recklessly!
You are too injured to fight recklessly!
You are too injured to fight recklessly!
You miss something. The kobold closely misses you. Something hits you.
* * * LOW HITPOINT WARNING * * *
The orc misses you.
You closely miss something. The kobold barely misses you.
You hear some strange, mumbled words.
You are confused.
The orc closely misses you.
The kobold throws a stone.
The stone barely misses you. Something hits you.
* * * LOW HITPOINT WARNING * * *
The kobold barely misses you. The orc attacks as it pursues you!
The orc hits you with a +0 morningstar.
You die...

###..............
#.#........#+#...
#..........#.##.(
##....######..###
#....#........##
##..##.<.†)⌠....
###########.##........##
##.....o..##..######..###
.'.....$@.'........#.## #
##.?..=.K.####(###.#.####
...........#........[...#
...........#.#.###.####.#
.................#.# #.#
...........#.#.....# #.#
...........#.#.##.#####..
...........#..........#..
######.###.#..


You could see an orc and a kobold.

Vanquished Creatures
  3 adders (D:2)
  A worm (D:2)
  An orc (D:3)
  5 endoplasms
  3 giant cockroaches
  8 goblins
  3 hobgoblins (D:3)
  2 kobolds (D:1)
  3 quokkas
  2 ball pythons
  2 bats
  2 frilled lizards (D:2)
  A rat (D:3)
36 creatures vanquished.

Vanquished Creatures (others)
  11 foxfires (D:1)
11 creatures vanquished.

Grand Total: 47 creatures vanquished

Notes
Turn   | Place    | Note
-------+----------+-------------------------------------------
     0 | D:1      | MisterAzrael the Djinni Cinder Acolyte began the quest for
                  | the Orb.
     0 | D:1      | MisterAzrael set off with the following spells memorised:
                  | Scorch.
     0 | D:1      | Reached XP level 1. HP: 20/20 MP: 0/0
   100 | D:1      | Reached XP level 2. HP: 11/25 MP: 0/0
   248 | D:1      | You are sucked into a shaft and drop 1 floor!
   264 | D:2      | Reached XP level 3. HP: 23/30 MP: 0/0
   264 | D:2      | Learned a level 1 spell: Shock
   464 | D:2      | Found Tofaick's Magic Scroll Shop.
   536 | D:2      | Reached XP level 4. HP: 32/35 MP: 0/0
   609 | D:2      | Found a faded altar of an unknown god.
   621 | D:2      | Prayed at the altar of an unknown god.
  1188 | D:3      | Slain by an orc

Illustrated notes

Levels and vault maps discovered:
D:1:      dpeg_arrival_orchard, layout_loops_ring, serial_shops, shop,
          minmay_misc_feat_diagonals
D:2:      layout_basic, serial_shops, nicolae_diamond_shop,
          dreamdust_ecumenical_altar_hidden_monk_grotto
D:3:      layout_basic, nrook_uturn, grunt_ministairs_14, minmay_quantized

Skill      XL: |  1 |
---------------+----+-----
Long Blades    | 3 |  3.7
Fighting       | |  3.5
Spellcasting   | |  2.8
Conjurations   | |  2.8
Hexes          | |  2.8
Summonings     | |  2.8
Necromancy     | |  2.8
Translocations | |  2.8
Fire Magic     | |  2.8
Ice Magic      | |  2.8
Air Magic      | |  2.8
Earth Magic    | |  2.8
Alchemy        | |  2.8

Action                     |  1- 3 |  4- 6 || total
---------------------------+-------+-------++-------
  Melee: Falchion          |    23 |       ||    23
         Dagger            |    14 |    37 ||    51
         Punch             |       |     1 ||     1
   Cast: Shock             |    13 |     5 ||    18
 Invoke: Foxfire Swarm     |     1 |       ||     1
 Armour: Robe              |    35 |    28 ||    63
  Dodge: Dodged            |    41 |    31 ||    72

Table legend: (Time is in decaauts)
 A = Elapsed time spent in this place.
 B = Non-inter-level travel time spent in this place.
 C = Inter-level travel time spent in this place.
 D = Time resting spent in this place.
 E = Time spent auto-exploring this place.
 F = Levels seen in this place.
 G = Mean time per level.
                   A        B        C        D        E       F      G
               +--------+--------+--------+--------+--------+-----+--------+
         Total |   1185 |   1155 |     30 |    148 |    813 |   3 |  395.0 |
       Dungeon |   1185 |   1155 |     30 |    148 |    813 |   3 |  395.0 |
               +--------+--------+--------+--------+--------+-----+--------+

Top non-repeatable levels by time:
     D:2: 749 daAuts
     D:1: 250 daAuts
     D:3: 185 daAuts
